 Dungeon Crawl Stone Soup version 0.21-a0-538-gd16b88a (webtiles) character file.

222 slep the Chopper (level 5, -1/58 HPs)
             Began as a Demonspawn Gladiator on Dec 17, 2017.
             Succumbed to a scorpion's poison
             ... on level 4 of the Dungeon.
             The game lasted 00:05:58 (2367 turns).

slep the Chopper (Demonspawn Gladiator)             Turns: 2367, Time: 00:05:58

Health: -1/58      AC: 22    Str: 15    XL:     5   Next: 66%
Magic:  3/5        EV:  2    Int: 10    God:
Gold:   57         SH:  0    Dex: 14    Spells: 4/4 levels left

rFire    . . .     SeeInvis +   a - +0 war axe
rCold    . . .     Gourm    .   (no shield)
rNeg     + + +     Faith    .   (armour currently unavailable)
rPois    +         Spirit   +   (helmet currently unavailable)
rElec    .         Reflect  .   (cloak currently unavailable)
rCorr    .         Harm     .   (gloves currently unavailable)
MR       .....     NoTele   +   (boots currently unavailable)
Stlth    ++........             w - amulet of guardian spirit
HPRegen  0.19/turn              o - ring of see invisible
MPRegen  0.09/turn              (no ring)

@: lethally poisoned (-1 -> -26), tree-form
A: no striking features
a: no special abilities


You were on level 4 of the Dungeon.
You were hungry.
You were a tree.
You visited 1 branch of the dungeon, and saw 4 of its levels.

You collected 57 gold pieces.

Inventory:

Hand Weapons
 a - a +0 war axe (weapon)
Missiles
 d - 3 throwing nets (quivered)
Armour
 b - a +0 leather armour (melded)
 c - a +0 helmet (melded)
 q - a +2 pair of boots (melded)
Jewellery
 o - a ring of see invisible (left branch)
 w - an amulet of guardian spirit (around neck)
Wands
 s - a wand of scattershot (6)
Scrolls
 e - 2 scrolls of blinking {unknown}
 h - 2 scrolls of enchant weapon {unknown}
 i - 4 scrolls of teleportation {unknown}
 k - a scroll of immolation {unknown}
 p - 5 scrolls of identify {unknown}
 r - 3 scrolls of fear {unknown}
 v - 2 scrolls of remove curse {unknown}
Potions
 g - a potion of lignification
 l - a potion of might {unknown}
 n - a potion of curing {unknown}
 t - a potion of resistance {unknown}
 u - 2 potions of agility {unknown}
 x - a potion of cancellation {unknown}
Comestibles
 f - 2 bread rations
 j - a meat ration
 m - a royal jelly


   Skills:
 + Level 2.6 Fighting
 + Level 4.4 Axes
 + Level 2.0 Throwing
 + Level 1.6 Armour
 + Level 3.5 Dodging
 + Level 0.7 Stealth


You had 4 spell levels left.
You didn't know any spells.

Dungeon Overview and Level Annotations

Branches:
Dungeon (4/15)
 Temple: D:4-7

Altars:
Kikubaaqudgha
Wu Jian
Xom


Innate Abilities, Weirdness & Mutations

((You have razor-sharp toenails.))
((Your flesh is cold resistant. (rC+)))


Message History

You are more poisoned.
The scorpion poisons you!
You hit the scorpion but do no damage.
The scorpion is severely wounded.
* * * LOW HITPOINT WARNING * * *
You feel sick. The scorpion stings you.
* * * LOW HITPOINT WARNING * * *
You are more poisoned.
The scorpion poisons you!
It was a potion of lignification.
You turn into a tree.
Your +0 helmet melds into your body.
Your +2 pair of boots melds into your body.
Your +0 leather armour melds into your body.
Your roots penetrate the ground.
* * * LOW HITPOINT WARNING * * *
You feel sick.
The scorpion stings you but does no damage.
You slash the scorpion!
You kill the scorpion!
You die...

#### ##
...# ...
... #≈≈≈≈≈
#.## #..##
#≈###≈#...
##...#
.≈#_#≈..
.....
.≈#'#≈#
...## ###
.≈≈.≈≈#
... ..#
....###
#.# .#.#
##.####
#♣##.#.#
......#
#....#.#
...##.#
#..###.#
##.##.#
#..###.#
...##.#
#......#
##.##.#
####.###
##.##<#
#.#
......#
#.#
#########
#.#


There were no monsters in sight!

Vanquished Creatures
  A phantom (D:4)
  A scorpion (D:4)
  5 adders
  A dart slug (D:3)
  3 giant cockroaches
  10 goblins
  3 hobgoblins
  2 jackals (D:2)
  4 kobolds
  2 quokkas (D:2)
  2 ball pythons
  9 bats
  4 frilled lizards
  4 rats
51 creatures vanquished.

Notes
Turn   | Place    | Note
-------+----------+-------------------------------------------
     0 | D:1      | slep the Demonspawn Gladiator began the quest for the Orb.
     0 | D:1      | Reached XP level 1. HP: 16/16 MP: 1/1
   278 | D:1      | Found a shimmering altar of Xom.
   490 | D:1      | Gained mutation: You have sharp toenails. [demonic ancestry]
   490 | D:1      | Reached XP level 2. HP: 22/22 MP: 2/2
   663 | D:1      | Reached skill level 3 in Axes
  1058 | D:2      | Gained mutation: You have razor-sharp toenails. [demonic ancestry]
  1058 | D:2      | Reached XP level 3. HP: 26/27 MP: 3/3
  1445 | D:3      | Found an ancient bone altar of Kikubaaqudgha.
  1610 | D:3      | Reached XP level 4. HP: 33/33 MP: 4/4
  2060 | D:3      | Reached skill level 1 in Armour
  2206 | D:4      | Noticed a phantom
  2209 | D:4      | Found an ornate altar of the Wu Jian Council.
  2249 | D:4      | Killed a phantom
  2249 | D:4      | Reached skill level 4 in Axes
  2249 | D:4      | Gained mutation: Your flesh is cold resistant. (rC+) [demonic ancestry]
  2249 | D:4      | Reached XP level 5. HP: 5/39 MP: 5/5
  2366 | D:4      | HP: 2/58 [poisoned by a scorpion]
  2367 | D:4      | Succumbed to a scorpion's poison

Vault maps used:
D:1:      minmay_arrival_nine_rooms, xom_teletrap_fun
D:3:      lemuel_crystal_altar, kennysheep_generic_room_12
D:4:      kennysheep_mini_moat, first_bread, uniq_edmund

Skill      XL: |  1  2  3  4 |
---------------+-------------+-----
Throwing       | 2 |  2.0
Axes           | 3 4 |  4.4
Dodging        | 3 |  3.5
Armour         | 1 |  1.6
Fighting       | |  2.6
Stealth        | |  0.7

Action                   |  1- 3 |  4- 6 || total
-------------------------+-------+-------++-------
Melee: War axe           |    88 |    48 ||   136
       Kick              |     7 |       ||     7
  Use: Potion            |       |     1 ||     1
  Eat: Chunk             |     2 |     2 ||     4
Armor: Leather armour    |    28 |    15 ||    43
       Skin              |       |     1 ||     1
Dodge: Dodged            |    75 |    34 ||   109

Table legend:
 A = Spawn XP
 B = Non-spawn XP
 C = Spawn XP percentage of total XP
 D = Spawn monster count
 E = Non-spawn monster count
 F = Spawn count percentage of total count
 G = Total turns spent on level
                    A         B        C        D         E        F      G
               +---------+---------+-------+---------+---------+-------+---------
         Total |       0 |     318 |   0.0 |       0 |      51 |   0.0 |  2367
               +---------+---------+-------+---------+---------+-------+---------
           D:1 |       0 |      17 |   0.0 |       0 |      11 |   0.0 |   906
           D:2 |       0 |      46 |   0.0 |       0 |      22 |   0.0 |   537
           D:3 |       0 |      73 |   0.0 |       0 |      16 |   0.0 |   744
           D:4 |       0 |     182 |   0.0 |       0 |       2 |   0.0 |   180
               +---------+---------+-------+---------+---------+-------+---------
